 Dungeon Crawl Stone Soup version 0.25.1-8-g42b30a86e7 (webtiles) character file.

Game seed: 10190586537946648586

1395 raphaelitos the Sneak (level 8, -1/33 HPs)
             Began as a Felid Conjurer on Dec 14, 2020.
             Was an Initiate of Vehumet.
             Slain by a killer bee (7 damage)
             ... on level 8 of the Dungeon.
             The game lasted 00:32:29 (11379 turns).

raphaelitos the Sneak (Felid Conjurer)             Turns: 11379, Time: 00:32:30

Health: -1/33      AC:  2    Str:  4    XL:     8   Next: 41%
Magic:  5/17       EV: 20    Int: 19    God:    Vehumet [......]
Gold:   444        SH:  0    Dex: 16    Spells: 0/18 levels left
                                        Lives:  0   Deaths: 2

rFire    . . .     SeeInvis +     - Unarmed
rCold    + . .     Gourm    .   (shield unavailable)
rNeg     . . .     Faith    .   (armour unavailable)
rPois    .         Spirit   .   (helmet unavailable)
rElec    .         Reflect  .   (cloak unavailable)
rCorr    .         Harm     .   (gloves unavailable)
MR       +....     Clarity  +   (boots unavailable)
Stlth    ++++......             (no amulet)
HPRegen  0.11/turn              o - ring of protection from cold
MPRegen  0.15/turn              (no ring)

@: very slightly contaminated, quick
A: very small, no armour, no weapons or thrown items, stealth, claws 1, fangs 3,
see invisible, carnivore, clarity, speed 1, shaggy fur 2, slow metabolism 1,
MP-powered wands, sharp paws
a: Renounce Religion


You were on level 8 of the Dungeon.
You worshipped Vehumet.
Vehumet was noncommittal.
You were near starving.

You visited 2 branches of the dungeon, and saw 9 of its levels.

You collected 444 gold pieces.

Inventory:

Jewellery
 o - a ring of protection from cold (left paw)
Wands
 p - a wand of paralysis (3)
 t - a wand of acid (8)
Scrolls
 e - 2 scrolls of immolation
 g - 6 scrolls of remove curse
 m - 7 scrolls of amnesia
 n - a scroll of noise {unknown}
 r - a scroll of identify
 s - a scroll of magic mapping
Potions
 a - 3 potions of curing
 c - a potion of ambrosia
 d - 2 potions of lignification
 f - 2 potions of mutation
 h - 5 potions of might
 i - 2 potions of invisibility
 j - a potion of brilliance
 k - a potion of cancellation
 l - a potion of berserk rage {unknown}
 q - a potion of flight
Comestibles
 b - 15 rations


   Skills:
 + Level 2.0 Fighting
 + Level 5.2 Dodging
 + Level 7.7 Stealth
 + Level 5.8 Unarmed Combat
 + Level 5.7 Spellcasting
 + Level 6.7 Conjurations
 + Level 1.0 Hexes
 + Level 0.1 Summonings


You couldn't memorise any spells.
You knew the following spells:

 Your Spells              Type           Power        Failure   Level  Hunger
a - Magic Dart            Conj           ####         1%          1    None
b - Searing Ray           Conj           ####..       1%          2    None
c - Dazzling Flash        Conj/Hex       ###...       7%          3    ##.....
d - Fulminant Prism       Conj/Hex       ###.......   22%         4    ####...
e - Iskenderun's Mystic   Conj/Tloc      ###.....     28%         4    ####...
f - Summon Guardian Gole  Hex/Summ       #.......     26%         3    ##.....
g - Pain                  Necr           #...         12%         1    None

Your spell library contained the following spells:

 Spells                   Type           Power        Failure   Level  Hunger
 Summon Small Mammal      Summ           #...         11%         1    None
 Call Imp                 Summ           #.......     17%         2    None
 Call Canine Familiar     Summ           #.......     32%         3    ##.....
 Summon Ice Beast         Ice/Summ       #.......     73%         4    ####...
 Summon Lightning Spire   Summ/Air       #.......     73%         4    ####...


Dungeon Overview and Level Annotations

Branches:
Dungeon (8/15)             Temple (1/1) D:5
   Lair: D:8-11

Altars:
Ashenzari
Cheibriados
Dithmenos
Elyvilon
Fedhas
Gozag
Hepliaklqana
Kikubaaqudgha
Makhleb
Nemelex Xobeh
Okawaru
Qazlal
Ru
Sif Muna
Trog
Uskayaw
Vehumet
Wu Jian
Xom
Yredelemnul
Zin
The Shining One


Innate Abilities, Weirdness & Mutations

You cannot wear armour.
You are incapable of wielding weapons or throwing items.
Your paws allow you to move quietly. (Stealth)
You have sharp claws.
You have razor-sharp teeth.
You have supernaturally acute eyesight. (SInv)
You are carnivorous and can eat meat at any time.
You cover ground quickly.
You are covered in thick fur. (AC +2)
You have a slow metabolism.
Your sharp claws are effective at attacking unaware monsters.
You possess an exceptional clarity of mind.
You expend magic power (3 MP) to strengthen your wands.


Message History

The killer bee is heavily wounded.
The killer bee buzzes angrily. (Press . to maintain the ray.)
You hear an angry buzzing noise.
The killer bee misses you.
The searing ray misses the killer bee.
The killer bee stings you! The killer bee misses you.
The searing ray hits the killer bee!
The killer bee is almost dead.
The killer bee stings you! The killer bee barely misses you.
The searing ray misses the killer bee.
You finish channeling your searing ray.
The killer bee misses you. The killer bee closely misses you.
A killer bee comes into view.
The killer bee barely misses you. The killer bee stings you.
* * * LOW HITPOINT WARNING * * *
A killer bee comes into view.
A killer bee comes into view.
The killer bee misses you. The killer bee stings you!
You die...

#.# ### #. .#. ##
...... .. .. ###.#..
#.#.## .....> )....
.###.#.#####..#.###
..............y?.y....
...###............###
........@yy.........
....#.#.#####.......
#..............#.##.
... ###.#.#.#####..#.#
#.. ###.#.#......... .
#... #................
. #...
###.#########..#.# #
#...####.# #.# #..#
#.#........####.# #..#


You could see 4 killer bees.

Vanquished Creatures
  A spriggan (D:7)
  Eustachio (D:6)
  A yak (D:7)
  A water moccasin (D:4)
  Duvessa (D:6)
  2 orc warriors (D:6)
  2 ice beasts
  3 ogres (D:5)
  2 bullfrogs (D:7)
  Dowan (D:6)
  A scorpion (D:6)
  A water moccasin skeleton (D:4)
  A killer bee (D:8)
  An electric eel (D:6)
  A bullfrog zombie (D:6)
  2 crimson imps
  An orc priest (D:6)
  2 bullfrog skeletons
  3 hounds
  A centaur skeleton (D:5)
  4 orc wizards
  An iguana (D:6)
  4 worker ants
  Natasha (twice) (D:3)
  A hound skeleton (D:5)
  A howler monkey zombie (D:6)
  7 adders
  An adder skeleton (D:6)
  A worm (D:3)
  3 dart slugs
  5 leopard geckos
  15 orcs
  10 giant cockroaches
  9 goblins
  10 hobgoblins
  3 jackals (D:1)
  13 kobolds
  2 quokkas (D:7)
  10 bats
  4 frilled lizards
  An orc zombie (D:5)
  A quokka zombie (D:5)
  12 rats
149 creatures vanquished.

Vanquished Creatures (others)
  6 fulminant prisms (D:7)
6 creatures vanquished.

Grand Total: 155 creatures vanquished

Notes
Turn   | Place    | Note
-------+----------+-------------------------------------------
     0 | D:1      | raphaelitos the Felid Conjurer began the quest for the Orb.
     0 | D:1      | Reached XP level 1. HP: 7/7 MP: 4/4
   408 | D:1      | Reached XP level 2. HP: 11/11 MP: 3/6
   416 | D:1      | Learned a level 2 spell: Searing Ray
  1015 | D:1      | Reached XP level 3. HP: 13/14 MP: 7/7
  1226 | D:1      | Reached skill level 1 in Unarmed Combat
  1717 | D:1      | Learned a level 3 spell: Dazzling Flash
  2314 | D:2      | Reached XP level 4. HP: 18/18 MP: 6/8
  2339 | D:2      | Reached skill level 3 in Stealth
  2480 | D:2      | Noticed a +0 hand axe
  2481 | D:2      | Found a hide-covered altar of Uskayaw.
  2481 | D:2      | Noticed a +0 dagger
  3406 | D:3      | Reached XP level 5. HP: 20/21 MP: 4/10
  3485 | D:3      | Found a stormy altar of Qazlal.
  3560 | D:3      | Noticed Natasha
  3577 | D:3      | Killed Natasha
  3808 | D:3      | Found a burning altar of Makhleb.
  3969 | D:3      | Noticed Natasha
  3976 | D:3      | Killed Natasha
  3976 | D:3      | Reached skill level 4 in Stealth
  4462 | D:4      | Found a sparkling altar of Nemelex Xobeh.
  4547 | D:4      | HP: 1/21 [water moccasin skeleton (8)]
  4549 | D:4      | Slain by a water moccasin skeleton
  4550 | D:4      | Reached XP level 4. HP: -5/18 MP: 9/9
  4629 | D:4      | Reached XP level 5. HP: 21/21 MP: 8/10
  4972 | D:5      | Entered Level 5 of the Dungeon
  4972 | D:5      | Noticed a water moccasin
  4982 | D:4      | Killed a water moccasin
  4982 | D:4      | Reached skill level 1 in Fighting
  4982 | D:4      | Gained mutation: You are covered in thick fur. (AC +2)
                  | [Felid growth]
  4982 | D:4      | Reached XP level 6. HP: 6/25 MP: 4/12
  5227 | D:5      | Reached skill level 5 in Conjurations
  5407 | D:5      | Found a shadowy altar of Dithmenos.
  5473 | D:5      | Reached XP level 7. HP: 28/28 MP: 6/13
  5725 | D:5      | Found a staircase to the Ecumenical Temple.
  6176 | D:5      | Found a shadowy altar of Dithmenos.
  6609 | Temple   | Entered the Ecumenical Temple
  6806 | Temple   | Became a worshipper of Elyvilon the Healer
  6846 | D:5      | Gained mutation: You possess an exceptional clarity of
                  | mind. [potion of mutation]
  6846 | D:5      | Gained mutation: You expend magic power (3 MP) to
                  | strengthen your wands. [potion of mutation]
  7088 | D:6      | Found an opulent altar of Gozag.
  7174 | D:6      | Reached skill level 5 in Stealth
  7187 | D:6      | Noticed Dowan
  7416 | D:6      | Noticed Duvessa
  7430 | D:6      | Killed Duvessa
  7430 | D:6      | Killed Dowan
  7430 | D:6      | Reached skill level 5 in Unarmed Combat
  7430 | D:6      | Reached XP level 8. HP: 7/33 MP: 7/15
  7826 | D:6      | Noticed Eustachio
  8024 | D:6      | Killed Eustachio
  8024 | D:6      | Reached skill level 6 in Stealth
  8322 | D:6      | Found a basalt altar of Yredelemnul.
  8322 | D:6      | Found a sparkling altar of Nemelex Xobeh.
  8375 | D:6      | Learned a level 4 spell: Fulminant Prism
  8380 | D:6      | Learned a level 4 spell: Iskenderun's Mystic Blast
  8511 | D:6      | Reached skill level 7 in Stealth
  8681 | D:6      | Reached skill level 5 in Dodging
  8681 | D:6      | Reached skill level 5 in Spellcasting
  9005 | D:7      | Found a blossoming altar of Fedhas.
  9012 | D:7      | Reached * piety under Elyvilon
  9369 | D:7      | Slain by a yak
  9370 | D:7      | Reached XP level 7. HP: -2/29 MP: 10/15
  9639 | D:7      | Reached XP level 8. HP: 33/33 MP: 16/16
  9716 | D:7      | Found a radiant altar of Vehumet.
  9721 | D:7      | Found an ancient bone altar of Kikubaaqudgha.
  9731 | D:7      | Found a shimmering blue altar of Sif Muna.
 10009 | D:7      | Reached ** piety under Elyvilon
 10524 | D:7      | Found a shimmering blue altar of Sif Muna.
 10634 | D:7      | Learned a level 3 spell: Summon Guardian Golem
 10787 | D:7      | Identified Kikubaaqudgha's Tome of Darkness
 10799 | D:7      | Fell from the grace of Elyvilon
 10800 | D:7      | Became a worshipper of Vehumet
 10901 | D:7      | Learned a level 1 spell: Pain
 11363 | D:8      | Reached skill level 1 in Hexes
 11379 | D:8      | Slain by a killer bee

Illustrated notes

Levels and vault maps discovered:
D:1:      tarquinn_simple_flora_water_c, layout_basic
D:2:      layout_basic, dancing_weapons_uskayaw
D:3:      minmay_inner_zag, layout_loops_ring, nicolae_qazlal_general_emergency,
          lemuel_coloured_pillars_altar, uniq_natasha
D:4:      layout_basic, nemelex_xobeh_ov_fountains_minmay
D:5:      layout_cave_pods, lemuel_doored_altar, minmay_temple_entry_water_ring,
          first_ration, enter_ossuary_3, minmay_strange_pillars,
          grunt_dithmenos_smoke_and_mirrors
D:6:      layout_basic, lemuel_round_altar, gammafunk_temple_overflow_wave,
          lightli_minifort, uniq_duvessa, uniq_eustachio
D:7:      layout_layer_cave, grunt_temple_overflow_magic_moments,
          fedhas_altar_1, minivault_22, the_bakery, tgw_sif
D:8:      layout_basic, basic_altar
Temple:   minmay_temple_curvy_loop

Skill      XL: |  1  2  3  4  5  6  7  8 |
---------------+-------------------------+-----
Conjurations   | 4 5 6 |  6.7
Unarmed Combat | 1 2 3 4 5 |  5.8
Stealth        | 3 4 5 7 |  7.7
Dodging        | 3 4 5 |  5.2
Spellcasting   | 3 4 5 |  5.7
Fighting       | 1 2 |  2.0
Hexes          | 1 |  1.0
Summonings     | |  0.1

Action                   |  1- 3 |  4- 6 |  7- 9 || total
-------------------------+-------+-------+-------++-------
Melee: Unarmed           |    92 |   120 |    57 ||   269
       Bite              |     9 |    13 |     8 ||    30
       Punch             |     1 |     2 |     1 ||     4
 Cast: Magic Dart        |    39 |    64 |    70 ||   173
       Searing Ray       |     5 |    14 |    29 ||    48
       Pain              |       |       |     6 ||     6
       Fulminant Prism   |       |       |     6 ||     6
       Summon Guardian G |       |       |     3 ||     3
Invok: Renounce Religion |       |       |     1 ||     1
  Use: Scroll            |     4 |     9 |     4 ||    17
       Potion            |       |       |     2 ||     2
 Stab: Sleeping          |     4 |     7 |     7 ||    18
  Eat: Chunk             |    11 |     9 |     9 ||    29
Armor: Skin              |     5 |     1 |     7 ||    13
Dodge: Dodged            |    77 |    97 |    72 ||   246
